Map: Cyber Forest LE

Players

Hubble - Winner!

  • Race: Protoss Protoss
  • League: Platinum
  • Spawn Location: 5:00

A.I. 1 (Medium)

  • Race: Zerg Zerg
  • Spawn Location: 11:00

VOD

Have the link to the VOD?

Description

Time

  • Played on: April 9, 2019, 3:06 p.m.
  • Length: 11:19
Show
View Real Time Build Order
Export as new Build Order

Hubble Protoss - Winner!

Build Orders: 1 Gate Expand, Zealot Archon, Dark Templar Rush 

Get SALT Encoding   

  12  0:00  Probe  
  13  0:13  Probe  
  14  0:19  Pylon  
  14  0:25  Probe  
  15  0:37  Probe  
  16  0:42  Gateway  
  16  0:45  Probe  
  16  0:47  Assimilator  
  17  0:53  Probe  
  17  1:04  Probe  
  19  1:16  Probe  
  20  1:32  Nexus  
  20  1:43  Cybernetics Core  
  20  1:46  Probe  
  21  1:52  Assimilator  
  21  1:58  Probe  
  22  2:02  Pylon  
  22  2:11  Adept, Probe  
  23  2:20  Warp Gate  
  25  2:23  Probe  
  26  2:31  Twilight Council  
  26  2:35  Probe  
  27  2:41  Stalker  
  29  2:44  Probe  
  29  2:47  Probe  
  31  3:00  Robotics Facility, Probe  
  31  3:04  Probe  
  33  3:13  Dark Shrine  
  33  3:15  Probe  
  33  3:18  Probe  
  35  3:36  Gateway  
  35  3:39  Gateway  
  35  3:43  Gateway  
  35  3:44  Warp Prism  
  35  3:49  Assimilator  
  37  3:58  Probe  
  37  3:59  Probe  
  39  4:05  Pylon  
  39  4:09  Pylon  
  39  4:11  Probe  
  40  4:18  Probe  
  40  4:19  Assimilator  
  41  4:27  Probe  
  41  4:30  Probe  
  43  4:35  Dark Templar x2  
  47  4:39  Dark Templar  
  47  4:44  Probe x2  
  51  4:51  Pylon  
  51  4:54  Sentry  
  51  4:56  Probe  
  54  5:11  Probe x2  
  56  5:35  Dark Templar  
  56  5:39  Archon  
  56  5:40  Probe x2  
  56  5:41  Immortal  
  60  5:43  Dark Templar x2  
  64  5:52  Probe  
  64  5:55  Probe  
  60  6:03  Probe  
  60  6:04  Probe  
  60  6:10  Nexus  
  62  6:12  Pylon  
  62  6:16  Probe  
  62  6:17  Probe  
  63  6:20  Immortal  
  68  6:26  Pylon  
  68  6:28  Probe  
  69  6:37  Probe, Charge  
  70  6:41  Dark Templar  
  70  6:46  Zealot x3  
  78  6:51  Probe  
  79  6:55  Forge  
  79  6:59  Archon  
  79  7:02  Probe  
  79  7:03  Probe  
  79  7:05  Pylon  
  81  7:14  Probe  
  82  7:18  Dark Templar x2  
  86  7:26  Pylon  
  86  7:28  Protoss Ground Weapons Level 1  
  86  7:32  Templar Archives  
  86  7:36  Gateway x2  
  86  7:38  Gateway  
  86  7:40  Dark Templar, Pylon  
  86  7:41  Dark Templar  
  86  7:43  Warp Prism  
  86  7:44  Archon x2  
  90  7:49  Probe x2  
  94  7:53  Assimilator  
  94  7:54  Probe  
  95  7:58  Assimilator  
  95  8:01  Probe  
  95  8:02  Probe x2  
  97  8:10  Probe  
  98  8:13  Immortal, Probe  
  98  8:14  High Templar x4  
  98  8:18  Archon  
  112  8:20  Archon  
  112  8:34  Probe x3  
  115  8:38  Pylon  
  114  8:44  Pylon  
  114  8:47  Zealot x4  
  114  8:48  Zealot  
  124  8:52  Pylon  
  124  8:59  Gateway  
  124  9:02  Gateway  
  124  9:04  Gateway  
  124  9:07  Gateway  
  124  9:09  Zealot x5  
  134  9:10  High Templar x2  
  134  9:14  Archon  
  138  9:25  Forge  
  138  9:27  Pylon  
  138  9:34  Stalker  
  138  9:38  Nexus  
  140  9:44  Pylon  
  140  9:45  Pylon  
  140  9:47  Photon Cannon  
  140  9:49  Observer  
  139  10:03  Pylon  
  139  10:10  Observer  
  139  10:12  Zealot  
  139  10:13  Zealot x2, High Templar x3  
  139  10:14  High Templar x4  
  154  10:15  High Templar  
  154  10:18  Archon x3  
  154  10:20  Archon  
  158  10:32  Immortal  
  160  10:36  Pylon  
  160  10:37  Photon Cannon  
  160  10:38  Photon Cannon  
  160  10:41  Shield Battery, Probe x3  
  160  10:42  Assimilator  
  163  10:44  Assimilator  
  165  11:15  Dark Templar x4  
  165  11:16  Dark Templar x2  
Show
View Real Time Build Order
Export as new Build Order

A.I. 1 (Medium) Zerg 

Build Orders: 1 Base Baneling Bust, Pool First 

Get SALT Encoding   

  12  0:01  Drone  
  13  0:12  Overlord  
  13  0:16  Drone  
  14  0:30  Drone  
  14  0:33  Drone  
  16  0:42  Spawning Pool  
  16  0:45  Drone  
  16  0:50  Drone  
  16  0:52  Extractor  
  16  0:55  Drone  
  17  1:06  Overlord  
  17  1:31  Zergling x2  
  17  1:32  Queen  
  20  1:34  Zergling x2  
  20  1:38  Drone  
  20  1:39  Roach Warren  
  21  1:40  Extractor  
  20  1:49  Drone  
  21  1:55  Baneling Nest  
  21  1:59  Drone  
  21  2:10  Drone  
  22  2:21  Zergling x2  
  23  2:32  Zergling x2  
  24  2:39  Overlord, Baneling x2, Zergling x2  
  24  2:43  Zergling x2  
  26  2:46  Zergling x2  
  27  2:54  Zergling x2  
  27  2:58  Baneling x2  
  28  3:05  Zergling x2  
  29  3:11  Evolution Chamber, Drone, Zergling x2  
  30  3:14  Drone  
  30  3:17  Drone  
  32  3:27  Overlord  
  32  3:38  Drone  
  33  3:43  Drone  
  33  3:46  Drone  
  35  3:48  Drone  
  36  4:56  Overlord, Lair, Drone, Roach  
  36  4:58  Spore Crawler  
  36  4:59  Drone  
  39  5:00  Spore Crawler  
  39  5:02  Drone  
  39  5:08  Roach  
  41  5:14  Overlord, Drone  
  41  5:20  Ravager  
  43  5:23  Roach  
  45  5:30  Spine Crawler  
  45  5:32  Drone  
  45  5:39  Spore Crawler  
  45  5:40  Drone  
  39  5:53  Queen  
  39  5:54  Overseer x2  
  39  5:56  Hydralisk Den  
  39  5:57  Drone, Infestation Pit  
  39  5:58  Ravager  
  39  6:02  Roach  
  42  6:10  Spine Crawler  
  41  6:11  Drone  
  42  6:24  Hydralisk  
  44  6:26  Spire  
  44  6:27  Drone  
  44  6:34  Evolution Chamber  
  44  6:36  Drone  
  44  6:37  Hydralisk  
  45  6:40  Hatchery  
  44  6:49  Hydralisk  
  46  6:58  Drone  
  47  7:01  Hydralisk  
  48  7:15  Zergling x2  
  48  7:20  Overlord, Overseer  
  48  7:53  Drone, Queen  
  48  7:55  Spore Crawler  
  48  7:56  Drone  
  48  7:58  Spore Crawler  
  50  7:59  Drone  
  50  8:00  Spore Crawler  
  50  8:02  Drone  
  50  8:05  Drone  
  52  8:08  Drone  
  52  8:11  Drone  
  54  8:13  Drone  
  54  8:16  Drone  
  54  8:19  Drone  
  57  8:22  Drone  
  57  8:23  Spine Crawler  
  57  8:25  Drone  
  58  8:28  Drone  
  58  8:31  Drone  
  58  8:33  Drone  
  61  8:37  Overlord  
  61  8:40  Drone  
  62  8:42  Drone  
  62  8:45  Drone  
  65  8:48  Drone  
  65  8:51  Drone  
  65  8:55  Drone  
  67  8:56  Spine Crawler  
  67  8:58  Drone  
  67  9:00  Infestor  
  69  9:03  Overlord  
  71  9:10  Roach  
  71  9:17  Pneumatized Carapace  
  71  9:18  Infestor  
  71  9:21  Overseer  
  73  9:24  Overlord  
  73  9:26  Infestor  
  75  9:35  Roach  
  77  9:44  Roach  
  75  9:45  Overlord  
  64  9:53  Roach  
  64  9:57  Overseer  
  62  10:01  Infestor  
  62  10:04  Extractor  
  63  10:08  Extractor  
  63  10:09  Infestor  
  64  10:16  Hydralisk  
  58  10:24  Hydralisk  
  50  10:31  Hydralisk  
  32  10:38  Hydralisk  
  26  10:56  Zergling x2  
  25  11:00  Drone  
  23  11:04  Drone  
Tags
 
Add a new tag
Caveats
  • Supply blocks, unpowered buildings, or Contaminate may cause inaccurate times.
  • Supply counts are checked every 10 seconds.